 Dungeon Crawl Stone Soup version 0.26-a0-854-gdc81c2f471 (webtiles) character file.

Game seed: 5470784796896278832

105955 ANON1729 the Grappler (level 15, -1/128 HPs)
             Began as a Red Draconian Transmuter on Nov 22, 2020.
             Was the Champion of Fedhas.
             Shot with an arrow by Nessos (25 damage)
             ... on level 2 of the Orcish Mines on Nov 23, 2020.
             The game lasted 01:33:08 (36915 turns).

ANON1729 the Grappler (Red Draconian Transmuter)   Turns: 36915, Time: 01:33:09

Health: -1/128     AC: 15    Str: 12    XL:     15   Next: 96%
Magic:  25/28      EV: 17    Int: 18    God:    Fedhas [******]
Gold:   984        SH:  0    Dex: 12    Spells: 9/32 levels left

rFire    + . .     SeeInvis .     - Unarmed
rCold    . . .     Faith    .   (shield currently unavailable)
rNeg     . . .     Spirit   .   (armour unavailable)
rPois    +         Reflect  .   (helmet restricted)
rElec    .         Harm     .   B - +0 cloak
rCorr    .         Rampage  .   (gloves currently unavailable)
MR       +....                  H - +0 pair of boots
Stlth    +.........             M - amulet of regeneration
HPRegen  0.71/turn              b - +4 ring of protection
MPRegen  0.21/turn              W - ring of poison resistance

@: blade hands
A: breathe fire, unfitting armour, fire resistance 1, weak 1, cold-blooded, AC
+9
a: Breathe Fire, End Transformation, Wall of Briars, Grow Ballistomycete,
Overgrow, Grow Oklob, Renounce Religion


You were on level 2 of the Orcish Mines.
You worshipped Fedhas.
Fedhas was exalted by your worship.
You had blades for hands.
You visited 4 branches of the dungeon, and saw 24 of its levels.
You visited the Abyss 1 time.

You collected 2593 gold pieces.
You spent 1609 gold pieces at shops.

Inventory:

Hand Weapons
 X - the +1 mace of Dominance {speed, +Blink rF- Str+3 Int+2}
   (You found it on level 4 of the Lair of Beasts)

   Attacks with this weapon are significantly faster.
   It affects your strength (+3).
   It affects your intelligence (+2).
   It makes you vulnerable to fire.
   It lets you blink.
Missiles
 E - 33 poisoned darts (quivered)
Armour
 B - a +0 cloak (worn)
 H - a +0 pair of boots (worn)
Jewellery
 b - a +4 ring of protection (left scythe-like blade)
 e - an uncursed ring of see invisible
 l - an uncursed ring of resist corrosion
 I - a +6 ring of intelligence
 L - an uncursed ring of protection from cold
 M - an amulet of regeneration (around neck)
 Q - an uncursed ring of flight
 S - a +4 ring of slaying
 W - a ring of poison resistance (right scythe-like blade)
 Y - an uncursed ring of protection from magic
Wands
 p - a wand of acid (1)
 y - a wand of iceblast (41)
 F - a wand of flame (74)
 G - a wand of random effects (19)
 P - a wand of digging (5)
Scrolls
 a - 7 scrolls of fog
 d - 5 scrolls of amnesia
 g - 3 scrolls of enchant armour
 h - 8 scrolls of enchant weapon
 i - 4 scrolls of teleportation
 q - 3 scrolls of vulnerability
 t - 8 scrolls of immolation
 v - a scroll of identify
 w - 9 scrolls of remove curse
 x - 5 scrolls of magic mapping
 A - 2 scrolls of silence
 C - 2 scrolls of brand weapon
 D - 5 scrolls of fear
 K - a scroll of holy word
 U - 2 scrolls of blinking
 Z - a scroll of torment
Potions
 c - 4 potions of curing
 f - 6 potions of brilliance
 j - 6 potions of berserk rage
 k - 2 potions of heal wounds
 m - 3 potions of flight
 n - 2 potions of magic
 o - 3 potions of mutation
 r - 2 potions of cancellation
 s - 3 potions of attraction
 u - a potion of lignification {unknown}
 z - 3 potions of ambrosia
 J - 4 potions of haste
 N - a potion of experience
 T - 3 potions of invisibility
 V - 2 potions of resistance {unknown}


   Skills:
 + Level 10.6 Fighting
 + Level 8.9 Dodging
 * Level 13.6 Unarmed Combat
 + Level 9.0 Spellcasting
 + Level 1.1 Conjurations
 - Level 4.0 Hexes
 * Level 13.4 Transmutations
 * Level 7.7 Fire Magic
 - Level 2.0 Ice Magic
 + Level 9.3 Poison Magic
 * Level 9.4 Invocations


You had 9 spell levels left.
You knew the following spells:

 Your Spells              Type           Power        Failure   Level
a - Beastly Appendage     Tmut           ######       5%          1
b - Wereblood             Tmut           ######..     6%          2
c - Spider Form           Tmut/Pois      #####.....   10%         3
d - Blade Hands           Tmut           ######....   16%         5
e - Ice Form              Ice/Tmut       #####...     28%         4
f - Inner Flame           Hex/Fire       ####....     22%         3
g - Fireball              Conj/Fire      ###.......   78%         5

Your spell library contained the following spells:

 Spells                   Type           Power        Failure   Level
 Foxfire                  Conj/Fire      ###.         17%         1
 Freeze                   Ice            ###.         28%         1
 Conjure Flame            Conj/Fire      ###.....     30%         3
 Summon Small Mammal      Summ           #...         43%         1
 Frozen Ramparts          Ice            ###...       50%         3
 Ozocubu's Armour         Ice            ###.....     50%         3
 Summon Guardian Golem    Hex/Summ       ###.....     50%         3
 Call Imp                 Summ           #.......     52%         2
 Sticky Flame             Conj/Fire      ###.....     54%         4
 Call Canine Familiar     Summ           #.......     69%         3
 Hailstorm                Conj/Ice       ##......     83%         4
 Summon Ice Beast         Ice/Summ       ##......     87%         4
 Bolt of Magma            Conj/Fire/Erth ###.......   91%         5
 Summon Lightning Spire   Summ/Air       #.......     94%         4
 Iskenderun's Battlesphe  Conj           ##......     98%         5
 Iron Shot                Conj/Erth      ##........   100%        6
 Orb of Destruction       Conj           ##........   100%        7
 Spellforged Servitor     Conj/Summ      ##........   100%        7
 Chain Lightning          Conj/Air       ##........   100%        8
 Lehudib's Crystal Spear  Conj/Erth      ##........   100%        8
 Absolute Zero            Ice            ###.......   100%        9
 Fire Storm               Conj/Fire      ###.......   100%        9


Dungeon Overview and Level Annotations

Branches:
Dungeon (15/15)            Temple (1/1) D:7            Lair (6/6) D:10
  Swamp (0/4) Lair:3        Snake (0/4) Lair:4        Slime (0/5) Lair:5
    Orc (2/2) D:11         Vaults (0/5) D:13         Depths (0/5) D:15
    Elf: Orc:2

Altars:
Ashenzari
Cheibriados
Dithmenos
Elyvilon
Fedhas
Gozag
Hepliaklqana
Kikubaaqudgha
Makhleb
Nemelex Xobeh
Okawaru
Qazlal
Ru
Sif Muna
Trog
Uskayaw
Vehumet
Wu Jian
Xom
Yredelemnul
Zin
The Shining One

Shops:
D:5 (

Portals:
Abyss: D:5 Lair:4

Annotations:
Lair:4 2 transporters, Kaudgh's ghost, journeyman MiFi
Lair:6 1 runed translucent door, Necrophagist's ghost, journeyman FoFi
Orc:2 Nessos


Innate Abilities, Weirdness & Mutations

You can breathe blasts of fire.
Your fiery red scales are hard. (AC +9)
You cannot fit into any form of body armour.
Your flesh is heat resistant. (rF+)
You are cold-blooded and may be slowed by cold attacks.
You are weak. (Str -2)


Message History

* * * LOW HITPOINT WARNING * * *
Evoke which item? (* to show all) (? for menu, Esc to quit)
Aiming: Enslavement
Press: ? - help, Shift-Dir - straight line, f/p - Nessos
Aim: Nessos, wielding a +2 longbow of flaming, wearing a +2 ring mail of cold resistance and quivering 5 arrows (fast, chance to defeat MR: 46%) Nessos resists with some effort.
The now-empty wand crumbles to dust.
Nessos blinks!
Nessos shoots an arrow.
The arrow hits you!
* * * LOW HITPOINT WARNING * * *
The arrow burns you.
* * * LOW HITPOINT WARNING * * *
Evoke which item? (* to show all) (? for menu, Esc to quit)
You don't have any such object.
Evoke which item? (* to show all) (? for menu, Esc to quit)
Okay, then.
Evoke which item? (* to show all) (? for menu, Esc to quit)
Okay, then.
A briar patch grows up from the ground. x8; Nessos shoots an arrow.
The arrow hits you!!
You die...
Fedhas appreciates your contribution to the ecosystem.

...............
...............
................
#.......................
.................(....
...#................##
............<..PPP...#..
...............P@P......
...............PPP...)..
...............(......##
..(........c..).......#
.......#......)..###..#
....#.##...#.....# ...#
.......#....)....# ..#
###.#..)#.......## ##
##.#.##.#......#


You could see Nessos (fast).

Vanquished Creatures
  A tentacled starspawn (Abyss:1)
  An orc warlord (Orc:1)
  A very ugly thing (Abyss:1)
  A dire elephant (Lair:6)
  A fire dragon (Lair:6)
  Josephine (Orc:1)
  Harold (D:8)
  6 hydras
  2 catoblepae (Lair:6)
  2 boulder beetles
  2 tengu warriors (D:15)
  6 centaur warriors
  9 two-headed ogres
  A death knight (D:14)
  8 death yaks (Lair:6)
  An ogre mage (D:13)
  A thrashing horror (Abyss:1)
  Sonja (Orc:2)
  Urug (D:10)
  2 orc high priests
  A wretched star (Abyss:1)
  A deep elf knight (D:15)
  A deep troll (D:15)
  An unseen horror (D:15)
  An orc knight (Orc:2)
  A deep elf archer (D:15)
  Pikel (D:7)
  2 lindwurms (Lair:6)
  3 ugly things
  A necromancer (D:14)
  A deep elf mage (D:14)
  2 manticores (Lair:6)
  A cyclops (D:12)
  2 orc sorcerers
  6 black mambas
  19 elephants
  A gargoyle (D:14)
  4 smoke demons (Abyss:1)
  A torpor snail (Lair:6)
  15 cane toads
  4 rime drakes
  2 kobold demonologists
  3 yaktaurs (D:13)
  A hellwing (Abyss:1)
  11 komodo dragons
  3 freezing wraiths (D:14)
  2 ancient zymes (Abyss:1)
  A meliai (D:14)
  3 polar bears
  Prince Ribbit (Lair:2)
  9 trolls
  A wind drake (shapeshifter) (D:14)
  5 raiju (Abyss:1)
  2 harpy skeletons
  A hornet (D:12)
  2 large abominations (Abyss:1)
  18 blink frogs
  7 slime creatures
  2 dream sheep (Lair:6)
  7 starcursed masses (Abyss:1)
  The ghost of Essalna the Firebug, an amateur TeFE of Vehumet (D:5)
  A shadow (D:15)
  2 ynoxinuls (Abyss:1)
  A vampire (D:11)
  8 wraiths
  6 basilisks
  A human (D:11)
  7 wyverns
  2 golden eyes (Abyss:1)
  4 small abominations
  2 steam dragons
  5 vampire mosquitoes
  52 yaks
  A neqoxec (Abyss:1)
  4 wargs
  Menkaure (D:7)
  2 swamp worms (Lair:3)
  3 acid dragons (D:12)
  15 water moccasins
  27 orc warriors
  2 swamp drakes (Lair:6)
  A sky beast (D:10)
  4 ice beasts
  3 phantoms
  An eye of draining (shapeshifter) (D:15)
  2 hornet zombies
  9 ogres
  3 black bears
  6 necrophages
  12 centaurs
  19 wolves
  3 lemures (D:7)
  7 big kobolds
  21 bullfrogs
  Blork the orc (D:5)
  A wyvern zombie (D:13)
  3 scorpions
  27 wights
  17 killer bees
  An electric eel (Lair:5)
  4 howler monkeys
  A crimson imp (D:5)
  3 centaur zombies
  4 bullfrog zombies
  2 quasits (D:9)
  24 orc priests
  4 bullfrog skeletons
  5 hounds
  4 jellies
  5 iron imps
  2 centaur skeletons (D:12)
  9 worker ants
  9 iguanas
  Natasha (thrice) (D:4)
  25 orc wizards
  3 polar bear simulacra (D:14)
  2 yak simulacra (D:14)
  2 killer bee zombies
  2 wolf simulacra (D:14)
  A hound skeleton (D:6)
  3 hound zombies
  A worker ant zombie (D:7)
  4 gnolls (D:5)
  8 adders
  2 shadow imps
  2 white imps
  3 ufetubi
  5 oozes
  An adder skeleton (D:8)
  5 worms
  A dart slug (D:1)
  10 leopard geckos
  98 orcs
  3 ball pythons
  4 giant cockroaches
  8 goblins
  9 hobgoblins
  14 jackals
  9 quokkas
  16 bats
  9 frilled lizards
  18 kobolds
  A leopard gecko zombie (D:7)
  2 quokka zombies
  12 rats
  4 river rat simulacra (D:14)
853 creatures vanquished.

Vanquished Creatures (collateral kills)
  A hydra (Lair:6)
  A swamp dragon (Lair:6)
  A komodo dragon (Lair:6)
  2 meliai (D:14)
  A small abomination (Abyss:1)
  An ufetubus (Abyss:1)
  2 orcs (Orc:2)
  22 ballistomycete spores
  A starspawn tentacle (Abyss:1)
32 creatures vanquished.

Vanquished Creatures (others)
  2 large abominations (Abyss:1)
  3 oklob plants (Lair:5)
  A black mamba (Lair:6)
  A dream sheep (Lair:4)
  A yak (Lair:2)
  An orc wizard (Orc:1)
  41 fungi
  51 plants
  2 starspawn tentacles (Abyss:1)
103 creatures vanquished.

Grand Total: 988 creatures vanquished

Notes
Turn   | Place    | Note
-------+----------+-------------------------------------------
     0 | D:1      | ANON1729 the Draconian Transmuter began the quest for the
                  | Orb.
     0 | D:1      | Reached XP level 1. HP: 16/16 MP: 3/3
   368 | D:1      | Reached XP level 2. HP: 20/23 MP: 3/5
  1210 | D:2      | Reached XP level 3. HP: 28/28 MP: 6/6
  1363 | D:2      | Found a broken altar of Ashenzari.
  1458 | D:2      | You fall into a shaft and drop 2 floors!
  1505 | D:3      | Reached XP level 4. HP: 23/36 MP: 7/7
  2455 | D:2      | Learned a level 2 spell: Wereblood
  2459 | D:2      | Learned a level 3 spell: Spider Form
  2647 | D:3      | Reached XP level 5. HP: 36/41 MP: 8/8
  4178 | D:4      | Found an ornate altar of the Wu Jian Council.
  4269 | D:4      | Found Bixuix's Distillery.
  4272 | D:4      | Bought a potion of curing for 42 gold pieces
  4272 | D:4      | Bought a potion of degeneration for 14 gold pieces
  4272 | D:4      | Bought a potion of brilliance for 56 gold pieces
  4272 | D:4      | Bought a potion of flight for 42 gold pieces
  4284 | D:4      | Noticed Natasha
  4300 | D:4      | Killed Natasha
  4301 | D:4      | Reached XP level 6. HP: 21/50 MP: 10/10
  4569 | D:4      | Noticed Natasha
  4580 | D:4      | Killed Natasha
  4829 | D:4      | Noticed Natasha
  4839 | D:4      | Killed Natasha
  4923 | D:5      | Entered Level 5 of the Dungeon
  4951 | D:5      | Noticed an orc warrior
  4986 | D:5      | Killed an orc warrior
  5008 | D:5      | Learned a level 5 spell: Blade Hands
  5207 | D:5      | Noticed Blork the orc
  5208 | D:5      | Found Uvofo's Antique Weapon Boutique.
  5215 | D:5      | Killed Blork the orc
  5216 | D:5      | Your scales start taking on a fiery red colour.
  5216 | D:5      | Reached XP level 7. HP: 42/57 MP: 7/11
  5216 | D:5      | Gained mutation: Your flesh is heat resistant. (rF+) [Red
                  | Draconian growth]
  5323 | D:5      | Reached skill level 5 in Unarmed Combat
  5492 | D:5      | Reached skill level 1 in Poison Magic
  5774 | D:5      | Noticed a small abomination
  5787 | D:5      | Found a sacrificial altar of Ru.
  6008 | D:5      | Found a transporter.
  6100 | D:5      | Found a transporter.
  6103 | D:5      | Identified the +2 rapier of Osaf {distort, +Fly rPois rF-
                  | rN++}
  6108 | D:5      | Noticed Essalna's ghost (amateur TeFE)
  6113 | D:5      | Reached skill level 5 in Transmutations
  6271 | D:5      | Found a one-way gate to the infinite horrors of the Abyss.
  6841 | D:6      | Reached XP level 8. HP: 32/66 MP: 13/13
  7542 | D:6      | Identified the +4 whip "Vuab" {antimagic, rElec rPois rF++
                  | Str-3}
  8347 | D:6      | Found a sparkling altar of Nemelex Xobeh.
  8950 | D:7      | Found a staircase to the Ecumenical Temple.
  8983 | Temple   | Entered the Ecumenical Temple
  9404 | D:7      | Noticed Pikel
  9429 | D:7      | Killed Pikel
  9430 | D:7      | Reached XP level 9. HP: 54/73 MP: 10/15
  9822 | D:7      | Learned a level 4 spell: Ice Form
  9879 | D:7      | Noticed Menkaure
  9880 | D:7      | Killed Menkaure
  9881 | D:7      | Reached skill level 5 in Fighting
 10672 | D:7      | Found a blossoming altar of Fedhas.
 10767 | D:7      | Became a worshipper of Fedhas Madash
 11076 | D:8      | Reached skill level 5 in Spellcasting
 11084 | D:8      | Reached skill level 5 in Dodging
 11084 | D:8      | Reached XP level 10. HP: 51/81 MP: 11/17
 11226 | D:8      | Noticed Harold
 11232 | D:8      | Killed Harold
 11390 | D:8      | Reached * piety under Fedhas
 12165 | D:9      | Noticed a two-headed ogre
 12579 | D:8      | Killed a two-headed ogre
 12906 | D:9      | Noticed a two-headed ogre
 12932 | D:9      | Killed a two-headed ogre
 12933 | D:9      | Reached skill level 5 in Poison Magic
 13118 | D:9      | Noticed a two-headed ogre
 13587 | D:8      | Killed a two-headed ogre
 13887 | D:9      | Reached ** piety under Fedhas
 13950 | D:9      | Found an ancient bone altar of Kikubaaqudgha.
 14043 | D:9      | Reached XP level 11. HP: 82/90 MP: 13/19
 14206 | D:9      | Found a burning altar of Makhleb.
 14494 | D:10     | Entered Level 10 of the Dungeon
 15286 | D:10     | Reached *** piety under Fedhas
 15343 | D:10     | Got a twisted halberd
 15344 | D:10     | Identified the +6 halberd of Vecaf {vorpal, *Contam rPois
                  | rC+} (You found it on level 10 of the Dungeon)
 15356 | D:10     | Gained mutation: You are weak. (Str -2) [mutagenic glow]
 15517 | D:10     | Noticed Urug
 15532 | D:10     | Killed Urug
 16208 | D:10     | Found a staircase to the Lair.
 16326 | D:11     | Noticed a boulder beetle
 16420 | D:11     | Noticed a two-headed ogre
 16429 | D:11     | Killed a two-headed ogre
 16430 | D:11     | Reached skill level 10 in Unarmed Combat
 16760 | D:11     | Killed a boulder beetle
 16881 | D:11     | Reached skill level 10 in Transmutations
 17147 | D:11     | Reached **** piety under Fedhas
 17543 | D:11     | Found a staircase to the Orcish Mines.
 18399 | D:12     | Reached XP level 12. HP: 94/100 MP: 20/22
 18452 | D:12     | Reached ***** piety under Fedhas
 18713 | D:12     | HP: 5/100 [killer bee (5)]
 19327 | D:12     | Noticed a two-headed ogre
 19334 | D:12     | Killed a two-headed ogre
 20322 | Lair:1   | Entered Level 1 of the Lair of Beasts
 20781 | Lair:1   | Learned a level 3 spell: Inner Flame
 21147 | Lair:1   | Noticed an eight-headed hydra
 21260 | Lair:1   | Killed an eight-headed hydra
 21261 | Lair:1   | Reached skill level 1 in Invocations
 21704 | Lair:1   | Reached skill level 1 in Fire Magic
 22467 | Lair:2   | Reached XP level 13. HP: 74/108 MP: 14/24
 22665 | Lair:2   | Noticed Prince Ribbit
 22675 | Lair:2   | Killed Prince Ribbit
 23828 | Lair:3   | Found a staircase to the Swamp.
 24013 | Lair:3   | Reached ****** piety under Fedhas
 24375 | Lair:4   | Found a transporter.
 24967 | Lair:4   | Reached skill level 5 in Invocations
 25004 | Lair:4   | Noticed Kaudgh's ghost (journeyman MiFi)
 25006 | Lair:4   | Found a transporter.
 25009 | Lair:4   | Identified the +5 trident "Hielaick" {distort, *Drain
                  | +Blink Str+5 Stlth+}
 25131 | Lair:4   | Found a staircase to the Snake Pit.
 25574 | Lair:4   | Got a steaming mace
 25580 | Lair:4   | Identified the cursed +1 mace of Dominance {speed, +Blink
                  | rF- Str+3 Int+2} (You found it on level 4 of the Lair of
                  | Beasts)
 25666 | Lair:5   | Reached skill level 1 in Ice Magic
 25929 | Lair:5   | Reached skill level 1 in Hexes
 26209 | Lair:5   | Found a staircase to the Slime Pits.
 27078 | Lair:6   | Entered Level 6 of the Lair of Beasts
 27122 | Lair:6   | Reached XP level 14. HP: 63/118 MP: 18/25
 27133 | Lair:6   | HP: 5/118 [black mamba (10)]
 27802 | Lair:6   | Found a runed translucent door.
 28398 | Lair:6   | Noticed Necrophagist's ghost (journeyman FoFi)
 28445 | Lair:6   | Reached skill level 5 in Fire Magic
 28611 | Lair:6   | Identified a scroll of acquirement
 28614 | Lair:6   | Acquired 472 gold pieces
 29220 | Lair:6   | Found the +8 frozen axe "Frostbite" {freezing cloud, *Noise
                  | +Fly rC+}
 29996 | D:5      | Killed Essalna's ghost
 30042 | D:5      | Cast into level 1 of the Abyss (big kobold)
 30315 | Abyss:1  | Noticed a starcursed mass
 30363 | Abyss:1  | Noticed a tentacled starspawn
 30368 | Abyss:1  | Killed a tentacled starspawn
 30630 | Abyss:1  | Reached skill level 10 in Fighting
 30631 | Abyss:1  | Reached XP level 15. HP: 122/126 MP: 22/27
 30646 | Abyss:1  | Paralysed by accursed screaming for 1 turns
 30776 | Abyss:1  | Noticed a bone dragon
 30791 | Abyss:1  | Noticed a tentacled starspawn
 31075 | D:5      | Escaped the Abyss
 32502 | D:13     | Found a gate to the Vaults.
 33857 | D:15     | Entered Level 15 of the Dungeon
 34093 | D:15     | Found a staircase to the Depths.
 35271 | D:4      | Bought a potion of experience for 700 gold pieces
 35271 | D:4      | Bought a potion of curing for 42 gold pieces
 35271 | D:4      | Bought a potion of cancellation for 112 gold pieces
 35271 | D:4      | Bought a potion of invisibility for 112 gold pieces
 35271 | D:4      | Bought a potion of haste for 140 gold pieces
 35271 | D:4      | Bought a potion of attraction for 42 gold pieces
 35271 | D:4      | Bought a potion of berserk rage for 70 gold pieces
 35295 | D:5      | Bought a translucent longbow for 237 gold pieces
 35299 | D:5      | Identified the +8 longbow of the Trees {flame, rElec} (You
                  | bought it in a shop on level 5 of the Dungeon)
 35312 | D:5      | Learned a level 5 spell: Fireball
 35498 | Orc:1    | Entered Level 1 of the Orcish Mines
 35517 | Orc:1    | Noticed Josephine
 35526 | Orc:1    | Killed Josephine
 35917 | Orc:1    | Noticed an orc warlord
 35942 | Orc:1    | Killed an orc warlord
 36305 | Orc:2    | Entered Level 2 of the Orcish Mines
 36329 | Orc:2    | Noticed Sonja
 36537 | Orc:2    | Reached skill level 1 in Conjurations
 36787 | Orc:2    | Killed Sonja
 36790 | Orc:2    | Noticed Nessos
 36915 | Orc:2    | Shot with an arrow by Nessos

Illustrated notes

Levels and vault maps discovered:
D:1:      psy_arrival_dodecagon, layout_loops_corners, serial_co_window_serial,
          co_window_of_opportunity_a, co_window_paths_a, co_window_paths_a,
          co_window_corner_a, co_window_paths_b, co_window_2corner,
          co_window_broadway_a, co_window_corner_b, co_window_paths_c,
          glass_columns_a, glass_columns_a, glass_columns_a, glass_columns_a,
          glass_columns_a
D:2:      layout_loops_cross, nicolae_ashenzari_panopticon
D:3:      layout_loops_ring
D:4:      minmay_skewed_foursquare, layout_cave_pools, kennysheep_little_box,
          serial_shops, kennysheep_mini, minmay_misc_feat_tiny, uniq_natasha
D:5:      layout_basic, overflow_temple_1_default,
          gammafunk_ghost_abyssal_escape, serial_shops, shop, uniq_blork_the_orc
D:6:      layout_basic, nemelex_xobeh_ov_fountains_minmay
D:7:      layout_gridville, fedhas_altar_decomposition,
          minmay_temple_entry_mini_moons, dk_noncrumbling_3, kennysheep_dice,
          uniq_menkaure, uniq_pikel
D:8:      layout_basic, uniq_harold
D:9:      layout_roguey, lemuel_crystal_altar, demons_altar, corner_web_ring
D:10:     layout_basic, lair_entry_dummy, uniq_urug
D:11:     layout_gridville, erik_orc_4, chequers_garden
D:12:     layout_basic
D:13:     layout_roguey, hangedman_vaults_entry_quadrant_bands
D:14:     layout_grid_maze, serial_park_tiny_1, eino_house_with_fridge
D:15:     hangedman_depths_entry_civil_slaughter, layout_loops_corners,
          abandoned_shop, st_stairs_5
Temple:   regret_index_temple_generic_petals
Lair:1:   layout_roguey, roderic_batcave, nicolae_lair_grove_arrangements,
          grunt_forest_large_clearing_hut
Lair:2:   layout_small_grid, grunt_megastairs_4, uniq_prince_ribbit2
Lair:3:   layout_chaotic_city, swamp_mist, worms_lemuel, lemuel_fruit_tree
Lair:4:   layout_hall_layers, dummy_snake_entry, gammafunk_ghost_abyssal_escape,
          chequers_serial_rivers_small_a, grunt_megastairs_1,
          minmay_lair_oklob_chamber
Lair:5:   layout_gridlike, minmay_slime_entry_pillars, dpeg_oklob_1
Lair:6:   hangedman_lair_in_review, layout_cave_shapes,
          guppyfry_lair_end_dragon, hellmonk_ghost_happy_afterlife
Orc:1:    layout_caves, uniq_josephine
Orc:2:    grunt_orc_tribal_feast, layout_caves, serial_shops, shop, rock_pile,
          uniq_sonja, uniq_azrael, uniq_nessos

Skill      XL: |  1  2  3  4  5  6  7  8  9 10 11 12 13 14 15 |
---------------+----------------------------------------------+-----
Dodging        | 2 3 4 5 6 7 8 |  8.9
Transmutations | 3 4 5 6 7 9 10 11 12 13 | 13.4
Fighting       | 2 3 4 5 6 7 8 9 10 | 10.6
Unarmed Combat | 4 5 6 8 9 10 11 12 13 | 13.6
Spellcasting   | 3 4 5 6 7 8 9 |  9.0
Poison Magic   | 1 3 4 5 6 7 8 9 |  9.3
Invocations    | 3 5 7 9 |  9.4
Fire Magic     | 2 4 5 7 |  7.7
Ice Magic      | 1 2 |  2.0
Hexes          | 1 3 4 |  4.0
Conjurations   | 1 |  1.1

Action                   |  1- 3 |  4- 6 |  7- 9 | 10-12 | 13-15 || total
-------------------------+-------+-------+-------+-------+-------++-------
Melee: Unarmed           |   118 |   285 |   402 |   663 |  1139 ||  2607
       Tailslap          |     9 |    25 |    22 |    54 |   122 ||   232
       Kick              |     7 |    25 |    20 |     3 |       ||    55
       Headbutt          |     7 |    14 |    16 |     4 |       ||    41
       Punch             |     1 |     4 |     8 |    24 |    64 ||   101
Throw: Dart              |       |       |       |     6 |       ||     6
 Cast: Beastly Appendage |     5 |    19 |    12 |     5 |       ||    41
       Spider Form       |       |     2 |     7 |    11 |       ||    20
       Blade Hands       |       |       |     8 |    58 |   115 ||   181
       Wereblood         |       |       |     3 |    10 |     7 ||    20
       Ice Form          |       |       |       |       |     4 ||     4
Invok: Wall of Briars    |       |       |       |     4 |     2 ||     6
       Grow Ballistomyce |       |       |       |       |     6 ||     6
       Grow Oklob        |       |       |       |       |     6 ||     6
 Abil: Breathe Fire      |       |       |    12 |    16 |    21 ||    49
       End Transformatio |       |       |     4 |       |     3 ||     7
Evoke: Wand              |       |       |     1 |    16 |    12 ||    29
  Use: Scroll            |       |     8 |       |     6 |    21 ||    35
       Potion            |       |       |       |     1 |     9 ||    10
 Stab: Sleeping          |     2 |     1 |       |       |     1 ||     4
       Confused          |       |       |       |       |     1 ||     1
       Petrifying        |       |       |       |       |     1 ||     1
       Petrified         |       |       |       |       |     1 ||     1
       Distracted        |       |       |       |       |     1 ||     1
Armor: Skin              |    43 |    70 |   101 |   164 |   353 ||   731
Dodge: Dodged            |    57 |   163 |   296 |   563 |   850 ||  1929

Table legend: (Time is in decaauts)
 A = Elapsed time spent in this place.
 B = Non-inter-level travel time spent in this place.
 C = Inter-level travel time spent in this place.
 D = Time resting spent in this place.
 E = Time spent auto-exploring this place.
 F = Levels seen in this place.
 G = Mean time per level.
                   A        B        C        D        E       F      G
               +--------+--------+--------+--------+--------+-----+--------+
         Total |  36614 |  34656 |   1958 |   8070 |  20457 |  25 | 1464.6 |
       Dungeon |  24781 |  23307 |   1474 |   5825 |  13974 |  15 | 1652.1 |
        Temple |    209 |    171 |     38 |      0 |    170 |   1 |  209.0 |
          Lair |   9447 |   9019 |    428 |   1563 |   5599 |   6 | 1574.5 |
  Orcish Mines |   1170 |   1154 |     16 |    289 |    476 |   2 |  585.0 |
         Abyss |   1005 |   1005 |      0 |    392 |    237 |   1 | 1005.0 |
               +--------+--------+--------+--------+--------+-----+--------+

Top non-repeatable levels by time:
     D:5: 2822 daAuts
    D:12: 2527 daAuts
     D:7: 2366 daAuts
  Lair:6: 2328 daAuts
     D:8: 1853 daAuts
    D:10: 1833 daAuts
  Lair:5: 1756 daAuts
    D:11: 1599 daAuts
     D:9: 1563 daAuts
     D:3: 1553 daAuts
     D:6: 1544 daAuts
  Lair:2: 1513 daAuts
  Lair:1: 1488 daAuts
    D:13: 1356 daAuts
  Lair:4: 1313 daAuts
